Map: Neon Violet Square LE

Players

Rail

  • Race: Protoss Protoss
  • Spawn Location: 11:00

liquidthermy (uThermal) - Winner!

  • Race: Terran Terran
  • League: Grandmaster
  • Spawn Location: 5:00

Event: WESG Barcelona European Finals 2017

VOD

Have the link to the VOD?

Description

Time

  • Played on: Nov. 23, 2017, 6:31 a.m.
  • Length: 3:40

All games in this series

Show
View Real Time Build Order
Export as new Build Order

Rail Protoss 

Build Orders: Oracle Opening 

Get SALT Encoding   

  13  0:10  Pylon  
  13  0:13  Probe  
  13  0:28  Gateway  
  13  0:31  Probe  
  14  0:36  Assimilator  
  14  0:43  Probe (Chrono Boost)  
  14  0:47  Assimilator  
  15  0:55  Probe (Chrono Boost)  
  16  1:01  Probe (Chrono Boost)  
  17  1:09  Probe  
  18  1:15  Cybernetics Core  
  18  1:21  Probe  
  19  1:30  Pylon  
  19  1:33  Probe  
  21  1:51  Stargate  
  21  1:55  Stalker  
  21  1:59  Probe  
  23  2:13  Probe  
  24  2:25  Probe  
  26  2:34  Oracle (Chrono Boost)  
  29  2:40  Pylon  
  29  2:43  Probe  
  30  2:56  Oracle (Chrono Boost)  
  30  2:58  Probe  
  29  3:15  Probe  
Show
View Real Time Build Order
Export as new Build Order

liquidthermy Terran - Winner!

Build Orders: 1/1/1 

Get SALT Encoding   

  12  0:01  SCV  
  13  0:13  SCV  
  14  0:17  Supply Depot  
  14  0:26  SCV  
  14  0:28  Refinery  
  15  0:39  SCV  
  16  0:45  Barracks  
  16  0:51  SCV  
  17  1:03  SCV  
  18  1:15  SCV  
  19  1:32  Marine  
  19  1:33  Orbital Command  
  19  1:34  Factory  
  19  1:39  Supply Depot  
  20  1:50  Marine  
  21  1:59  SCV  
  22  2:12  Command Center  
  22  2:13  Marine  
  23  2:24  Starport, Widow Mine  
  25  2:30  SCV  
  25  2:31  Marine  
  27  2:37  Supply Depot  
  27  2:43  SCV  
  28  2:49  Marine  
  29  2:54  Hellion  
  31  2:59  SCV  
  31  3:02  Medivac  
  33  3:06  Marine  
  33  3:11  SCV  
  35  3:15  Hellion  
  35  3:16  Supply Depot  
  36  3:23  SCV  
Tags
 
Add a new tag
Caveats
  • Supply blocks, unpowered buildings, or Contaminate may cause inaccurate times.
  • Supply counts are checked every 10 seconds.